 Dungeon Crawl Stone Soup version 0.27.1-3-gb3d3a73c9e (webtiles) character file.

Game seed: 7095075092163358843

2481 TigerRab the Reanimator (level 9, -1/61 HPs)
             Began as a Human Necromancer on Oct 13, 2021.
             Was a Believer of Dithmenos.
             Succumbed to Duvessa's poison
             ... on level 6 of the Dungeon.
             The game lasted 01:20:19 (8170 turns).

TigerRab the Reanimator (Human Necromancer)         Turns: 8170, Time: 01:20:20

Health: -1/61      AC:  8    Str:  8    XL:     9   Next: 81%
Magic:  21/29      EV: 12    Int: 19    God:    Dithmenos [**....]
Gold:   306        SH:  0    Dex: 16    Spells: 18/23 levels left

rFire    . . .     SeeInvis .   j - +0 spear (venom)
rCold    . . .     Faith    .   (no shield)
rNeg     . . .     Spirit   .   e - +0 leather armour
rPois    .         Reflect  .   (no helmet)
rElec    .         Harm     .   g - +0 cloak {Will+}
rCorr    .         Rampage  .   (no gloves)
Will     +....                  (no boots)
Stlth    ++........             E - amulet of regeneration
HPRegen  1.20/turn              y - ring of magical power
MPRegen  0.21/turn              t - +4 ring of protection

@: mighty, lethally poisoned (-1 -> -21), wreathed by umbra
A: hooves 1, agile 1
a: Renounce Religion, Shadow Step


You were on level 6 of the Dungeon.
You worshipped Dithmenos.
Dithmenos was pleased with you.
You visited 2 branches of the dungeon, and saw 7 of its levels.

You collected 306 gold pieces.

Inventory:

Hand Weapons
 j - a +0 spear of venom (weapon)
 o - a +3 long sword
 v - a +0 great sword
 w - a +3 scythe of protection
 A - a +0 hunting sling
 C - a +0 mace of protection
 I - a +1 whip of freezing
Missiles
 b - 64 arrows
 d - 156 stones
 k - 30 bolts
 n - 3 javelins
 p - 55 sling bullets
 H - 18 poisoned darts
Armour
 a - a +0 robe
 e - a +0 leather armour (worn)
 f - a +0 ring mail
 g - a +0 cloak of willpower (worn)
 s - a +0 plate armour
 x - a +0 scale mail
Magical Staves
 c - a staff of poison
Jewellery
 i - a ring of see invisible
 l - a ring of protection from cold
 m - a ring of ice
 t - a +4 ring of protection (right hand)
 y - a ring of magical power (left hand)
 B - a ring of protection from cold
 E - an amulet of regeneration (around neck)
Wands
 r - a wand of flame (15)
 D - a wand of digging (5)
 G - a wand of iceblast (9)
Scrolls
 h - a scroll of teleportation
 q - 2 scrolls of amnesia
 z - a scroll of magic mapping
 F - 2 scrolls of identify


   Skills:
 + Level 2.2 Fighting
 + Level 0.1(1.4) Short Blades
 + Level 2.4 Long Blades
 + Level 1.4 Polearms
 + Level 0.8 Slings
 + Level 2.5 Armour
 + Level 3.1 Dodging
 + Level 2.2 Stealth
 * Level 7.6 Spellcasting
 * Level 8.6 Necromancy


You had 18 spell levels left.
You knew the following spells:

 Your Spells              Type           Power      Damage    Failure   Level
a - Pain                  Necr           100%       1d9       1%          1
b - Animate Skeleton      Necr           80%        N/A       1%          1
c - Vampiric Draining     Necr           20%        2d8       1%          3

Your spell library contained the following spells:

 Spells                   Type           Power      Damage    Failure   Level
 Animate Dead             Necr           20%        N/A       3%          4
 Agony                    Necr           40%        N/A       11%         5
 Sting                    Tmut/Pois      28%        1d4       14%         1
 Poisonous Vapours        Pois/Air       14%        N/A       21%         2
 Frozen Ramparts          Ice            14%        1d3       38%         3
 Stone Arrow              Conj/Erth      14%        3d7       38%         3
 Animate Armour           Summ/Erth      14%        N/A       80%         4
 Ice Form                 Ice/Tmut       7%         N/A       80%         4
 Olgreb's Toxic Radiance  Pois           7%         N/A       80%         4
 Summon Ice Beast         Ice/Summ       7%         N/A       80%         4
 Lehudib's Crystal Spear  Conj/Erth      3%         10d3      100%        8


Dungeon Overview and Level Annotations

Branches:
Dungeon (6/15)             Temple (1/1) D:4

Altars:
Ashenzari
Cheibriados
Dithmenos
Fedhas
Gozag
Kikubaaqudgha
Makhleb
Okawaru
Qazlal
Ru
Sif Muna
Uskayaw
Wu Jian
Xom
Zin
Jiyva

Annotations:
D:6 Duvessa


Innate Abilities, Weirdness & Mutations

You have large cloven feet.
You are agile. (Dex +2)


Message History

You feel sick. Duvessa barely misses you.
Aiming: Vampiric Draining (safe; 1% risk of failure)
Press: ? - help, Q - select action, (/) - cycle Shift-Dir - straight line, f/p - Dowan
Aim: Dowan, wielding a +0 dagger and wearing a +0 robe (umbra)
You draw life force from Dowan!
You feel life coursing into your body.
You feel sick.
Duvessa hits you with a +1 rapier of venom.
You are more poisoned.
Dowan points at Duvessa and mumbles some strange words.
Duvessa seems to speed up.
Aiming: Vampiric Draining (safe; 1% risk of failure)
Press: ? - help, Q - select action, (/) - cycle Shift-Dir - straight line, f/p - Dowan
Aim: Dowan, wielding a +0 dagger and wearing a +0 robe (heavily wounded, umbra)
You draw life force from Dowan!
You feel life coursing into your body.
You feel very sick. Duvessa barely misses you.
Dowan hits you but does no damage. Duvessa barely misses you.
Aiming: Vampiric Draining (safe; 1% risk of failure)
Press: ? - help, Q - select action, (/) - cycle Shift-Dir - straight line, f/p - Dowan
Aim: Dowan, wielding a +0 dagger and wearing a +0 robe (almost dead, umbra)
Okay, then.
You hit Dowan.
You kill Dowan!
Dithmenos accepts your kill.
Duvessa screams, "No!
How DARE you!"
Duvessa goes berserk!
You feel very sick.
Duvessa hits you with a +1 rapier of venom!
You are more poisoned.
Aiming: Vampiric Draining (safe; 1% risk of failure)
Press: ? - help, Q - select action, (/) - cycle Shift-Dir - straight line, f - Duvessa
Aim: Duvessa, wielding a +1 rapier of venom and wearing a +0 ring mail (lightly wounded, berserk, fast, umbra)
You draw life force from Duvessa!
You feel life coursing into your body.
You feel very sick.
Duvessa hits you with a +1 rapier of venom!
You are more poisoned.
Duvessa hits you with a +1 rapier of venom!
* * * LOW HITPOINT WARNING * * *
You feel very mighty all of a sudden.
You die...

#.((# #(..# #...# #...#
#...# #.(.# ....#####
#e).# ........# #.@.#
...........# #...#
...........# #...#
...........# #...#
...........# #...#
.<.........# #...#
...........####...########
....................[....#
.......####'#######'####.#


You could see Duvessa (berserk, fast).

Vanquished Creatures
  Pikel (D:6)
  An unseen horror (D:6)
  Sigmund (D:4)
  4 water moccasins
  2 black bears (D:5)
  A necrophage (D:4)
  An ogre (D:6)
  A phantom (D:4)
  Blork the orc (D:6)
  A kobold brigand (D:6)
  Dowan (D:6)
  A bullfrog zombie (D:6)
  A centaur zombie (D:5)
  3 hounds
  A jelly (D:4)
  An orc priest (D:4)
  A centaur skeleton (D:5)
  An iguana (D:5)
  An orc wizard (D:4)
  A killer bee zombie (D:6)
  The ghost of insectpublic the Slasher, a weakling HuBe of Trog (D:3)
  9 adders
  5 gnolls
  A white imp (D:5)
  2 ufetubi (D:6)
  An adder skeleton (D:4)
  3 worms (D:2)
  3 dart slugs
  14 orcs
  10 ball pythons
  2 bats (D:2)
  11 endoplasms
  4 giant cockroaches
  9 goblins
  8 hobgoblins
  8 jackals
  4 frilled lizards
  12 kobolds
  10 rats
143 creatures vanquished.

Vanquished Creatures (collateral kills)
  A hobgoblin (D:3)
1 creature vanquished.

Grand Total: 144 creatures vanquished

Notes
Turn   | Place    | Note
-------+----------+-------------------------------------------
     0 | D:1      | TigerRab the Human Necromancer began the quest for the Orb.
     0 | D:1      | Reached XP level 1. HP: 13/13 MP: 3/3
   213 | D:1      | Reached XP level 2. HP: 5/19 MP: 0/5
   948 | D:1      | Reached XP level 3. HP: 19/24 MP: 0/6
  1869 | D:2      | Reached XP level 4. HP: 20/30 MP: 1/8
  1907 | D:2      | Found a faded altar of an unknown god.
  2002 | D:2      | HP: 1/30 [hobgoblin (3)]
  2938 | D:2      | Reached XP level 5. HP: 33/36 MP: 5/9
  3350 | D:2      | Learned a level 1 spell: Animate Skeleton
  3952 | D:3      | Found a shadowy altar of Dithmenos.
  3973 | D:3      | Became a worshipper of Dithmenos the Shadowed
  4137 | D:3      | Reached skill level 5 in Necromancy
  4186 | D:3      | Identified a scroll of acquirement
  4186 | D:3      | Acquired a staff of poison
  4243 | D:3      | Found a runed translucent door.
  4252 | D:3      | Noticed insectpublic's ghost (weakling HuBe)
  4271 | D:3      | Killed insectpublic's ghost
  5024 | D:4      | Noticed a phantom
  5053 | D:4      | Killed a phantom
  5054 | D:4      | Reached skill level 1 in Armour
  5054 | D:4      | Reached XP level 6. HP: 31/42 MP: 11/11
  5191 | D:4      | Found a staircase to the Ecumenical Temple.
  5198 | Temple   | Entered the Ecumenical Temple
  5386 | D:4      | Learned a level 3 spell: Vampiric Draining
  5515 | D:4      | Noticed Sigmund
  5527 | D:4      | Killed Sigmund
  5528 | D:4      | Reached skill level 1 in Fighting
  5528 | D:4      | Reached skill level 1 in Long Blades
  5528 | D:4      | Reached XP level 7. HP: 42/48 MP: 3/13
  5980 | D:4      | Reached * piety under Dithmenos
  5984 | D:4      | Reached skill level 6 in Necromancy
  6360 | D:5      | Entered Level 5 of the Dungeon
  6401 | D:5      | Noticed a water moccasin
  6412 | D:5      | Killed a water moccasin
  6424 | D:5      | Reached skill level 5 in Spellcasting
  6424 | D:5      | Reached XP level 8. HP: 27/54 MP: 0/15
  6498 | D:5      | Reached skill level 1 in Polearms
  6647 | D:5      | Acquired an amulet of regeneration
  6767 | D:5      | Gained mutation: You have large cloven feet. [potion of
                  | mutation]
  6767 | D:5      | Gained mutation: You are agile. (Dex +2) [potion of
                  | mutation]
  6835 | D:5      | Found a glowing silver altar of Zin.
  7440 | D:6      | Found an opulent altar of Gozag.
  7441 | D:6      | Noticed Blork the orc
  7442 | D:6      | Found a snail-covered altar of Cheibriados.
  7451 | D:6      | Killed Blork the orc
  7452 | D:6      | Reached skill level 7 in Necromancy
  7464 | D:6      | Noticed an unseen horror
  7480 | D:6      | Killed an unseen horror
  7481 | D:6      | Reached XP level 9. HP: 25/61 MP: 12/18
  7607 | D:6      | Noticed Pikel
  7636 | D:6      | Killed Pikel
  7637 | D:6      | Reached skill level 8 in Necromancy
  7956 | D:6      | Reached ** piety under Dithmenos
  8156 | D:6      | Noticed Duvessa
  8157 | D:6      | Noticed Dowan
  8168 | D:6      | Killed Dowan
  8170 | D:6      | Succumbed to Duvessa's poison

Illustrated notes

Levels and vault maps discovered:
D:1:      lemuel_arrival_broad_hall, layout_basic, minmay_pentomino_t2
D:2:      layout_loops_corners, hellmonk_ecumenical_altar_run_dry,
          minmay_increasing_density
D:3:      layout_loops_ring, mainiacjoe_overflow_brackets,
          ebering_ghost_reflecting_pool, kennysheep_pointless_box,
          corner_web_ring, minmay_misc_feat_tower
D:4:      layout_loops_ring, minmay_temple_entry_statues_pillars, uniq_sigmund
D:5:      layout_loops_ring, general_overflow_altar
D:6:      layout_gridville, nicolae_overflow_hidden_temple, minmay_pentangle,
          uniq_blork_the_orc, uniq_pikel, uniq_duvessa, uniq_crazy_yiuf_cottage
Temple:   pf_slimified_temple

Skill      XL: |  1  2  3  4  5  6  7  8  9 |
---------------+----------------------------+-----
Spellcasting   | 3 4 5 6 7 |  7.6
Necromancy     | 5 6 7 8 |  8.6
Armour         | 1 2 |  2.5
Fighting       | 1 2 |  2.2
Long Blades    | 1 2 |  2.4
Polearms       | 1 |  1.4
Dodging        | 3 |  3.1
Short Blades   | |  0.1
Slings         | |  0.8
Stealth        | |  2.2

Action                   |  1- 3 |  4- 6 |  7- 9 || total
-------------------------+-------+-------+-------++-------
Melee: Unarmed           |     2 |       |       ||     2
       Short sword       |    44 |    18 |       ||    62
       Spear             |       |    40 |   104 ||   144
       Great sword       |       |    17 |       ||    17
       Long sword        |       |     7 |    49 ||    56
       Kick              |       |       |    35 ||    35
       Staff             |       |       |     7 ||     7
 Fire: Hunting sling     |       |       |    13 ||    13
Throw: Javelin           |       |       |     3 ||     3
       Dart              |       |       |     4 ||     4
 Cast: Pain              |    69 |    71 |    25 ||   165
       Animate Skeleton  |       |     6 |     2 ||     8
       Vampiric Draining |       |     4 |    62 ||    66
  Use: Potion            |     3 |     4 |     4 ||    11
       Scroll            |     2 |     3 |     3 ||     8
Armor: Ring mail         |    21 |    29 |       ||    50
       Chain mail        |       |     1 |       ||     1
       Leather armour    |       |     1 |    94 ||    95
Dodge: Dodged            |    39 |    49 |   182 ||   270
       Rpst.: Great sword |       |     2 |       ||     2
       Long sword        |       |       |    13 ||    13
